 Dungeon Crawl Stone Soup version 0.30-a0-381-g6ea064c7b4 (webtiles) character file.

Game seed: 16455010272515710009

417 PyroL the Grave Robber (level 6, -3/41 HPs)
             Began as a Demonspawn Necromancer on Dec 1, 2022.
             Slain by Pikel
             ... wielding a +0 whip of electrocution
              (8 damage)
             ... on level 3 of the Dungeon.
             The game lasted 00:08:25 (4088 turns).

PyroL the Grave Robber (Demonspawn Necromancer)     Turns: 4088, Time: 00:08:25

Health: -3/41      AC:  5    Str:  9    XL:     6   Next: 61%
Magic:  6/13       EV: 12    Int: 18    God:
Gold:   233        SH:  0    Dex: 13    Spells: 6/14 levels left

rFire   . . .      SeeInvis .    p - +8 short sword of Nemelex Xobeh's Envy {vorpal, rPois Stlth+}
rCold   . . .      Faith    .    (no shield)
rNeg    . . .      Spirit   .    a - +0 robe
rPois   +          Reflect  .    (no helmet)
rElec   .          Harm     .    (no cloak)
rCorr   .          Rampage  .    (no gloves)
Will    .....                    (no boots)
Stlth   +++.......               (no amulet)
HPRegen 0.26/turn                (no ring)
MPRegen 0.13/turn                (no ring)

@: no status effects
A: yellow scales 2, demonic guardian 1
a: no special abilities


You were on level 3 of the Dungeon.
You visited 1 branch of the dungeon, and saw 4 of its levels.

You collected 233 gold pieces.

Inventory:

Hand Weapons
 p - the +8 short sword of Nemelex Xobeh's Envy (weapon) {vorpal, rPois Stlth+}
   (You found it on level 2 of the Dungeon)

   It inflicts extra damage upon your enemies.
   rPois:     It protects you from poison.
   Stlth:     It makes you more stealthy.
Missiles
 k - 6 curare-tipped darts
Armour
 a - a +0 robe (worn)
Wands
 i - a wand of paralysis (2)
Scrolls
 c - 2 scrolls of identify {unknown}
 d - a scroll of immolation {unknown}
 e - 2 scrolls of teleportation {unknown}
 f - 2 scrolls of enchant weapon {unknown}
 q - a scroll of butterflies {unknown}
 r - a scroll of enchant armour {unknown}
 t - a scroll of blinking {unknown}
 u - a scroll of acquirement {unknown}
Potions
 b - a potion of magic
 g - a potion of invisibility {unknown}
 h - a potion of mutation {unknown}
 j - 5 potions of heal wounds {unknown}
 l - a potion of lignification {unknown}
 m - a potion of curing {unknown}
 n - a potion of degeneration {unknown}
 o - 2 potions of haste {unknown}
 s - a potion of attraction {unknown}


   Skills:
 - Level 1.7 Dodging
 - Level 1.7 Stealth
 + Level 4.8 Spellcasting
 + Level 7.0 Necromancy


You had 6 spell levels left.
You knew the following spells:

 Your Spells              Type           Power      Damage    Failure   Level
a - Necrotise             Necr           100%       1d9       1%          1
b - Vampiric Draining     Necr           29%        2d8       2%          3
c - Animate Dead          Necr           29%        N/A       8%          4

Your spell library contained the following spells:

 Spells                   Type           Power      Damage    Failure   Level
 Agony                    Necr           29%        N/A       22%         5
 Ignite Poison            Fire/Tmut/Pois 4%         N/A       38%         3
 Kindle Blastsparks       Fire/Tloc/Air  8%         2d10      38%         3
 Fulminant Prism          Conj/Hex       2%         3d5       80%         4
 Iskenderun's Mystic Bla  Conj/Tloc      4%         2d3       80%         4
 Sticky Flame             Conj/Fire      4%         2d3       80%         4
 Lee's Rapid Deconstruct  Erth           2%         3d4*      98%         5
 Ignition                 Fire           2%         3d3       100%        8


Dungeon Overview and Level Annotations

Branches:
Dungeon (4/15)
 Temple: D:4-7

Altars:
Ashenzari
Makhleb
Qazlal
Trog
Yredelemnul

Shops:
D:2 ?

Annotations:
D:3 Pikel


Innate Abilities, Weirdness & Mutations

You are mostly covered in yellow scales. (AC +3)
A weak demonic guardian rushes to your aid.


Message History

Press: ? - help, Shift-Dir - straight line, f/p - Pikel
Aim: Pikel, wielding a +0 whip of electrocution and wearing a +0 robe (lightly wounded, chance to affect: 83%) Pikel writhes in agony.
Pikel hits you with a +0 whip of electrocution.
Casting: Necrotise (safe; 1% risk of failure)
Confirm with . or Enter, or press ? or * to list all spells.
Aiming: Necrotise (safe; 1% risk of failure)
Press: ? - help, Shift-Dir - straight line, f/p - Pikel
Aim: Pikel, wielding a +0 whip of electrocution and wearing a +0 robe (lightly wounded, chance to affect: 83%) Pikel writhes in agony.
Pikel closely misses you.
Pikel writhes in agony.
Pikel hits you with a +0 whip of electrocution.
* * * LOW HITPOINT WARNING * * *
Casting: Necrotise (safe; 1% risk of failure)
Confirm with . or Enter, or press ? or * to list all spells.
Aiming: Vampiric Draining (dangerous; 2% risk of failure)
Press: ? - help, Shift-Dir - straight line, f/p - Pikel
Aim: Pikel, wielding a +0 whip of electrocution and wearing a +0 robe (lightly wounded)
Okay, then.
You hit Pikel but do no damage.
Pikel is lightly wounded.
Pikel hits you with a +0 whip of electrocution.
* * * LOW HITPOINT WARNING * * *
You are electrocuted!
* * * LOW HITPOINT WARNING * * *
A demonic guardian appears!
Casting: Vampiric Draining (dangerous; 2% risk of failure)
Confirm with . or Enter, or press ? or * to list all spells.
Aiming: Vampiric Draining (dangerous; 2% risk of failure)
Press: ? - help, Shift-Dir - straight line, f/p - Pikel
Aim: Pikel, wielding a +0 whip of electrocution and wearing a +0 robe (lightly wounded, ally target)
You draw life force from Pikel!
You feel life coursing into your body! Pikel closely misses you.
Sorry, you're not good enough to have a special ability.
Pikel attacks as you move away!
Pikel hits you with a +0 whip of electrocution!
* * * LOW HITPOINT WARNING * * *
Pikel attacks as you move away!
Pikel hits you with a +0 whip of electrocution!
You die...

#.# #.##########
#.#######..........#
#.........#...#....#
#.#########.#.#.#..# ######
##'#.........#...#..# #....#
#....##..........#..# #....#
#....#...........#..#
#....####...............)...#
#....##....5@.............#.#
#....##.#.#K#..#....#.....#.#
#....#..........#####.....#..
##....##.#>#.#...+.....##'##..
#................########.##..
#......#.#.#.#.......####.##..
#.............................
#####..#.#.#.#>...............
#..'............##...........


You could see Pikel (ally target) and a friendly iron imp (summoned).

Vanquished Creatures
  2 lemures (D:4)
  2 phantoms (D:4)
  2 hounds
  A gnoll bouda (D:4)
  An iguana (D:4)
  4 adders
  3 gnolls (D:4)
  3 worms
  2 dart slugs (D:1)
  6 orcs (D:4)
  6 ball pythons
  6 endoplasms
  6 giant cockroaches
  7 goblins
  3 hobgoblins
  6 kobolds
  A quokka (D:1)
  5 bats
  A frilled lizard (D:2)
  6 rats
73 creatures vanquished.

Vanquished Creatures (collateral kills)
  A lemure (D:3)
  A hobgoblin (D:1)
  A ball python (D:3)
  A frilled lizard (D:1)
4 creatures vanquished.

Vanquished Creatures (others)
  5 orc zombies (D:4)
5 creatures vanquished.

Grand Total: 82 creatures vanquished

Notes
Turn   | Place    | Note
-------+----------+-------------------------------------------
     0 | D:1      | PyroL the Demonspawn Necromancer began the quest for the
                  | Orb.
     0 | D:1      | Reached XP level 1. HP: 13/13 MP: 3/3
   172 | D:1      | Gained mutation: You are partially covered in yellow
                  | scales. (AC +2) [demonic ancestry]
   172 | D:1      | Reached XP level 2. HP: 13/19 MP: 0/5
   718 | D:1      | Reached skill level 5 in Necromancy
   990 | D:1      | Gained mutation: You are mostly covered in yellow scales.
                  | (AC +3) [demonic ancestry]
   990 | D:1      | Reached XP level 3. HP: 24/24 MP: 5/7
  1011 | D:1      | Learned a level 3 spell: Vampiric Draining
  1330 | D:2      | Found Otseej's Magic Scroll Emporium.
  1418 | D:2      | Identified the +8 short sword of Nemelex Xobeh's Envy
                  | {vorpal, rPois Stlth+}
  1905 | D:3      | Reached XP level 4. HP: 30/30 MP: 5/8
  1910 | D:3      | Learned a level 4 spell: Animate Dead
  2010 | D:3      | Found a stormy altar of Qazlal.
  2019 | D:3      | Found a burning altar of Makhleb.
  2021 | D:3      | Found a bloodstained altar of Trog.
  2029 | D:3      | Found a broken altar of Ashenzari.
  2393 | D:3      | Reached XP level 5. HP: 34/35 MP: 6/10
  2657 | D:4      | Noticed a phantom
  2682 | D:4      | Found a basalt altar of Yredelemnul.
  2773 | D:4      | Reached skill level 6 in Necromancy
  2829 | D:4      | Noticed a lemure
  2830 | D:4      | Noticed a lemure
  2879 | D:4      | Killed a phantom
  2880 | D:4      | Gained mutation: A weak demonic guardian rushes to your
                  | aid. [demonic ancestry]
  2880 | D:4      | Reached XP level 6. HP: 21/41 MP: 2/12
  3608 | D:4      | Reached skill level 7 in Necromancy
  3666 | D:4      | Noticed Pikel
  4088 | D:3      | Slain by Pikel

Illustrated notes

Levels and vault maps discovered:
D:1:      dpeg_arrival_morbid_curiosity, layout_loops_ring,
          chequers_serial_rivers_large_b, chequers_serial_rivers_small_b
D:2:      layout_loops_ring, serial_shops, shop, serial_bayou_pond_b,
          minmay_circle_x
D:3:      layout_basic, nicolae_overflow_hallway_of_the_gods, st_stairs_8
D:4:      layout_loops_ring, mainiacjoe_overflow_six_doors_small,
          roderic_lattice_a, uniq_pikel

Skill      XL: |  1  2  3  4  5  6 |
---------------+-------------------+-----
Necromancy     | 5 6 7 |  7.0
Spellcasting   | 3 4 |  4.8
Dodging        | |  1.7
Stealth        | |  1.7

Action                   |  1- 3 |  4- 6 || total
-------------------------+-------+-------++-------
Melee: Club              |    28 |       ||    28
       Whip              |    10 |       ||    10
       Short sword       |     8 |    76 ||    84
       Punch             |       |     1 ||     1
Throw: Dart              |     2 |       ||     2
 Cast: Necrotise         |    45 |    51 ||    96
       Vampiric Draining |       |     2 ||     2
       Animate Dead      |       |     1 ||     1
 Stab: Sleeping          |     1 |       ||     1
Armor: Robe              |     6 |    17 ||    23
Dodge: Dodged            |    38 |    38 ||    76

Table legend: (Time is in decaauts)
 A = Elapsed time spent in this place.
 B = Non-inter-level travel time spent in this place.
 C = Inter-level travel time spent in this place.
 D = Time resting spent in this place.
 E = Time spent auto-exploring this place.
 F = Levels seen in this place.
 G = Mean time per level.
                   A        B        C        D        E       F      G
               +--------+--------+--------+--------+--------+-----+--------+
         Total |   4150 |   4043 |    107 |    466 |   2874 |   4 | 1037.5 |
       Dungeon |   4150 |   4043 |    107 |    466 |   2874 |   4 | 1037.5 |
               +--------+--------+--------+--------+--------+-----+--------+

Top non-repeatable levels by time:
     D:4: 1256 daAuts
     D:1: 1155 daAuts
     D:3: 931 daAuts
     D:2: 806 daAuts
